 Dungeon Crawl Stone Soup version 0.29.1-15-g9cfb28693d (webtiles) character file.

Game seed: 9537923097089498344

4609 Sanktem7 the Cleaver (level 10, -7/90 HPs)
             Began as a Minotaur Fighter on Mar 15, 2023.
             Mangled by a two-headed ogre
             ... wielding a +0 giant spiked club
              (18 damage)
             ... on level 8 of the Dungeon.
             The game lasted 00:13:36 (8387 turns).

Sanktem7 the Cleaver (Minotaur Fighter)             Turns: 8387, Time: 00:13:36

Health: -7/90      AC: 15    Str: 25    XL:     10   Next: 19%
Magic:  18/18      EV:  7    Int:  5    God:
Gold:   430        SH:  6    Dex: 10    Spells: 9/9 levels left

rFire   + . .      SeeInvis .   D - +3 war axe {axe}
rCold   . . .      Faith    .   c - +0 buckler
rNeg    . . .      Spirit   .   O - +0 plate armour
rPois   .          Reflect  .   (helmet restricted)
rElec   .          Harm     .   (no cloak)
rCorr   .          Rampage  .   v - +0 pair of gloves
Will    .....                   (no boots)
Stlth   ..........              m - amulet of the acrobat
HPRegen 0.25/turn               y - ring of protection from fire
MPRegen 0.16/turn               z - ring of magical power

@: no status effects
A: horns 2, retaliatory headbutt
a: no special abilities


You were on level 8 of the Dungeon.
You visited 1 branch of the dungeon, and saw 8 of its levels.
You also visited: Ossuary.

You collected 520 gold pieces.
You spent 90 gold pieces at shops.


Innate Abilities, Weirdness & Mutations

You have a pair of horns on your head.
You reflexively headbutt those who attack you in melee.


   Skills:
 + Level 8.8 Fighting
 * Level 11.5 Axes
 + Level 8.8 Armour
 + Level 8.8 Shields


You had 9 spell levels left.
You didn't know any spells.
Your spell library contained the following spells:

 Spells                   Type           Power      Damage    Failure   Level
 Summon Small Mammal      Summ           0%         N/A       100%        1
 Ensorcelled Hibernation  Hex/Ice        0%         N/A       100%        2
 Passwall                 Tmut/Erth      0%         N/A       100%        2
 Poisonous Vapours        Pois/Air       0%         N/A       100%        2
 Scorch                   Fire           0%         2d5       100%        2
 Call Canine Familiar     Summ           0%         N/A       100%        3
 Frozen Ramparts          Ice            0%         1d1       100%        3
 Gell's Gravitas          Tloc           0%         N/A       100%        3
 Lesser Beckoning         Tloc           0%         N/A       100%        3
 Summon Guardian Golem    Hex/Summ       0%         N/A       100%        3
 Swiftness                Air            0%         N/A       100%        3
 Teleport Other           Tloc           0%         N/A       100%        3
 Corpse Rot               Necr/Pois/Air  0%         N/A       100%        4
 Flame Wave               Conj/Fire      0%         2d4       100%        4
 Ice Form                 Ice/Tmut       0%         N/A       100%        4
 Summon Ice Beast         Ice/Summ       0%         N/A       100%        4
 Summon Cactus Giant      Summ           0%         N/A       100%        6

Inventory:

Hand Weapons
 D - a +3 war axe (weapon) {axe}
   (You took it off a wight on level 6 of the Dungeon)
 S - a +3 mace {mace}
   (You found it on level 7 of the Dungeon)
Missiles
 t - 84 stones (quivered) {throwing}
 E - 4 poisoned darts {throwing}
 F - 3 atropa-tipped darts {throwing}
Armour
 c - a +0 buckler (worn)
 r - a +0 pair of boots
   (You found it on level 8 of the Dungeon)
 v - a +0 pair of gloves (worn)
   (You found it on level 2 of the Dungeon)
 O - a +0 plate armour (worn)
   (You found it on level 7 of the Dungeon)
Jewellery
 g - a +6 ring of intelligence
   (You found it on level 8 of the Dungeon)
 m - an amulet of the acrobat (around neck)
   (You found it on level 5 of the Dungeon)
 y - a ring of protection from fire (left hand)
   (You found it on level 3 of the Dungeon)
 z - a ring of magical power (right hand)
   (You found it on level 6 of the Dungeon)
Wands
 a - a wand of flame (20)
   (You found it on level 6 of the Dungeon)
 U - a wand of mindburst (24)
   (You found it on level 7 of the Dungeon)
Scrolls
 f - 2 scrolls of fog
 i - 2 scrolls of teleportation {@r4}
 l - a scroll of brand weapon {unknown}
 o - 2 scrolls of identify {@r1}
 q - 4 scrolls of enchant armour
 w - 3 scrolls of blinking {!r}
Potions
 b - 3 potions of brilliance
 d - a potion of might
 e - 2 potions of resistance
 h - 2 potions of mutation {!q}
 j - 4 potions of flight
 k - 2 potions of attraction {!q}
 n - a potion of cancellation {unknown}
 p - 2 potions of curing {@q1}
 s - a potion of haste {unknown}
 x - 4 potions of lignification {!q}
 A - 3 potions of degeneration {!q@e2}
 C - 4 potions of heal wounds {unknown}
 I - a potion of invisibility {unknown}

Dungeon Overview and Level Annotations

Branches:
Dungeon (8/15) Zot: 26367  Temple (0/1) D:7         Ossuary (visited)
   Lair: D:8-11

Altars:
Qazlal

Shops:
D:1 (   D:6 = D:7

*
#........##.....##....
..#.c........##.....#.
..#................#.
###..................#.
..###..##.......######
#.!##†.....##.##
#.)#..)...####
#K#†.##### #@#.# #O#..#
g{#..# yF##..# ### ...#
...# .##


You could see a two-headed ogre, a kobold brigand, a bullfrog, a killer bee and
a gnoll.


Message History

The bullfrog hits you but does no damage.
You block the ice beast's attack.
You closely miss the ice beast. Your headbutt misses the ice beast.
You slash the bullfrog! The bullfrog barely misses you.
The bullfrog hits you but does no damage.
You closely miss the ice beast. You closely miss the bullfrog.
The ice beast hits you but does no damage.
A two-headed ogre comes into view.
It is wielding two +0 giant spiked clubs.
You block the bullfrog's attack.
You hit the ice beast. You barely miss the bullfrog.
The bullfrog hits you but does no damage.
You block the ice beast's attack.
You slice the ice beast!!
You kill the ice beast!
You closely miss the bullfrog. You block the bullfrog's attack.
The bullfrog barely misses you. You furiously retaliate!
You headbutt the bullfrog! The wyvern barely misses you.
A bullfrog comes into view.
The bullfrog gives a loud, deep croak!
You slash the bullfrog!
You kill the bullfrog!
You hit the wyvern but do no damage.
You hear an angry buzzing noise.
The wyvern bites you!
The orc warrior hits you from afar with a +0 trident!
You are too injured to fight recklessly! 😮 HP[-24]
You take 24 damage, and now have 66/90 hp.
MASSIVE DAMAGE!! (PAUSE)
You barely miss the wyvern. The wyvern closely misses you.
You block the orc warrior's attack. The wyvern bites you. 😮 HP[-3]
You take 3 damage, and now have 63/90 hp.
You hit the wyvern.
The wyvern bites you but does no damage.
You block the orc warrior's attack.
A killer bee comes into view.
You closely miss the wyvern.
The wyvern bites you but does no damage.
The orc warrior hits you but does no damage.
The wyvern barely misses you. You furiously retaliate!
You headbutt the wyvern, but do no damage.
You slash the wyvern! The wyvern barely misses you. You furiously retaliate!
You headbutt the wyvern, but do no damage.
The orc warrior closely misses you.
You barely miss the wyvern. Your headbutt misses the wyvern.
You block the wyvern's attack. You block the orc warrior's attack.
You block the wyvern's attack. 😮 HP[+1]
You closely miss the wyvern.
You headbutt the wyvern, but do no damage.
The orc warrior hits you but does no damage.
You block the wyvern's attack.
You slash the wyvern!
You kill the wyvern!
A centaur comes into view.
You block the orc warrior's attack. The orc warrior closely misses you.
You see here a wyvern corpse.
You barely miss the orc warrior.
You block the orc warrior's attack. 😮 HP[+1]
You slice the orc warrior!! You headbutt the orc warrior.
The orc warrior hits you but does no damage.
You slash the orc warrior!
You kill the orc warrior!
A kobold brigand and an orc wizard come into view.
The kobold brigand is wielding a +0 flail and quivering poisoned darts.
The kobold brigand shouts!
The orc wizard mumbles some strange words.
The orc wizard flickers and vanishes!
Deactivating autopickup; reactivate with Ctrl-A.
Things that are here:
a +0 trident {polearm}; a +0 chain mail You hit the two-headed ogre.
The two-headed ogre hits you with a +0 giant spiked club!
The two-headed ogre hits you with a +0 giant spiked club!!
* * * LOW HITPOINT WARNING * * *
😨 HP[-37]
You take 37 damage, and now have 28/90 hp.
MASSIVE DAMAGE!! (PAUSE)
You slash the two-headed ogre!
The bullfrog snags a nearby mosquito with its tongue. 😨 HP[+1]
You hit the two-headed ogre but do no damage.
You headbutt the two-headed ogre! You hit the kobold brigand.
The two-headed ogre hits you but does no damage.
The two-headed ogre hits you with a +0 giant spiked club!!
* * * LOW HITPOINT WARNING * * *
The orc wizard casts a spell.
The orc wizard flickers and vanishes!
The kobold brigand hits you but does no damage.
You hear a loud, deep croak! 😱 HP[-18]
You take 18 damage, and now have 11/90 hp.
You slash the two-headed ogre! You hit the kobold brigand.
The bullfrog releases a deep croak.
The kobold brigand barely misses you. You furiously retaliate!
You headbutt the kobold brigand. You block the two-headed ogre's attack.
The two-headed ogre hits you with a +0 giant spiked club!!
You die...

Skill      XL: |  1  2  3  4  5  6  7  8  9 |
---------------+----------------------------+-----
Axes           | 3 4 5 6 7 9 11 | 11.5
Armour         | 4 5 6 7 8 |  8.8
Fighting       | 4 5 6 7 8 |  8.8
Shields        | 4 5 6 7 8 |  8.8

Action                   |  1- 3 |  4- 6 |  7- 9 | 10-12 || total
-------------------------+-------+-------+-------+-------++-------
Melee: War axe           |    89 |    76 |   247 |    41 ||   453
       Headbutt          |    11 |     7 |    53 |    10 ||    81
  Use: Potion            |       |       |     1 |       ||     1
       Scroll            |       |       |    20 |       ||    20
Armor: Scale mail        |    54 |    30 |    35 |       ||   119
       Chain mail        |       |       |    75 |       ||    75
       Plate armour      |       |       |    22 |    23 ||    45
Dodge: Dodged            |    45 |    27 |   124 |    15 ||   211
Block: Buckler           |    17 |    22 |    74 |    18 ||   131

Levels and vault maps discovered:
D:1:      dpeg_arrival_ratfight, layout_loops_corners, serial_shops, shop,
          shapermc_ecumenical_altar_ellora, columned_hall_lemuel
D:2:      layout_rooms, fountainhead, minmay_indecisive_spiral
D:3:      layout_loops_ring, minmay_bisected
D:4:      layout_basic, minivault_25, grunt_decor_fettered,
          dreamdust_mushroom_princess, uniq_natasha
D:5:      kennysheep_spiral_hall, layout_basic, mainiacjoe_overflow_paths
D:6:      layout_basic, serial_shops, nicolae_shop_crystal
D:7:      layout_basic, minmay_temple_entry_crystal_x,
          nicolae_ossuary_entry_catacombs, serial_shops,
          nicolae_shop_hallway_stairs, serial_park_tiny_pond,
          kennysheep_cluttered_room, minmay_fractal_squares_gapless_5
D:8:      layout_cave_pools, minmay_alternating_orb

Notes
Turn   | Place    | Note
-------+----------+-------------------------------------------
     0 | D:1      | Sanktem7 the Minotaur Fighter began the quest for the Orb.
     0 | D:1      | Reached XP level 1. HP: 19/19 MP: 0/0
     0 | D:1      | magus.rc [v1.9.6]
    32 | D:1      | Found a faded altar of an unknown god.
    80 | D:1      | Found Retin's Weapon Shoppe.
   718 | D:1      | Reached XP level 2. HP: 27/27 MP: 1/1
   839 | D:1      | Reached skill level 3 in Axes
   940 | D:2      | You pick up a book of Displacement and begin reading...
   940 | D:2      | You add the spells Lesser Beckoning, Gell's Gravitas and
                  | Teleport Other to your library.
  1016 | D:2      | You pick up a book of Burglary and begin reading...
  1016 | D:2      | You add the spells Passwall, Ensorcelled Hibernation and
                  | Swiftness to your library.
  1154 | D:2      | Reached XP level 3. HP: 33/33 MP: 2/2
  1165 | D:2      | Reached skill level 4 in Armour
  1166 | D:2      | Reached skill level 4 in Fighting
  1166 | D:2      | Reached skill level 4 in Shields
  2024 | D:3      | Reached XP level 4. HP: 36/40 MP: 3/3
  2118 | D:3      | Noticed a scorpion
  2123 | D:3      | Killed a scorpion
  2124 | D:3      | Reached skill level 4 in Axes
  2124 | D:3      | Reached XP level 5. HP: 26/47 MP: 4/4
  2715 | D:4      | Noticed Natasha
  2719 | D:4      | Killed Natasha
  2724 | D:4      | Reached skill level 5 in Axes
  2727 | D:4      | Reached XP level 6. HP: 49/55 MP: 5/5
  2775 | D:4      | Reached skill level 5 in Armour
  2867 | D:4      | Reached skill level 5 in Fighting
  2867 | D:4      | Reached skill level 5 in Shields
  2880 | D:4      | Noticed Natasha
  2886 | D:4      | Killed Natasha
  3254 | D:4      | Noticed Natasha
  3257 | D:4      | Killed Natasha
  3380 | D:4      | Reached skill level 6 in Axes
  3380 | D:4      | Reached XP level 7. HP: 56/61 MP: 6/6
  3488 | D:4      | You pick up a book of Vapours and begin reading...
  3488 | D:4      | You add the spells Poisonous Vapours and Corpse Rot to your
                  | library.
  3641 | D:5      | Entered Level 5 of the Dungeon
  3960 | D:5      | HP: 15/61 [ogre/+0 giant club (15)]
  3966 | D:5      | HP: 1/61 [orc priest/nerve-wracking pain (13)]
  3969 | D:5      | Reached skill level 7 in Axes
  4309 | D:5      | Reached skill level 6 in Armour
  4396 | D:5      | Found a stormy altar of Qazlal.
  4790 | D:5      | Reached skill level 6 in Fighting
  4790 | D:5      | Reached skill level 6 in Shields
  4809 | D:5      | Reached XP level 8. HP: 61/70 MP: 7/7
  4932 | D:6      | Found Ylluug's Jewellery Emporium.
  5052 | D:6      | You pick up a book of Rime and begin reading...
  5052 | D:6      | You add the spells Frozen Ramparts, Ice Form and Summon Ice
                  | Beast to your library.
  5507 | D:6      | Reached skill level 8 in Axes
  5613 | D:6      | You pick up a book of Callings and begin reading...
  5613 | D:6      | You add the spells Summon Small Mammal, Call Canine
                  | Familiar and Summon Guardian Golem to your library.
  5930 | D:7      | Found a staircase to the Ecumenical Temple.
  6034 | D:7      | Reached skill level 7 in Armour
  6054 | D:7      | Reached skill level 7 in Fighting
  6054 | D:7      | Reached skill level 7 in Shields
  6082 | D:7      | Reached skill level 9 in Axes
  6091 | D:7      | Found a sand-covered staircase.
  6099 | Ossuary  | Entered an ossuary
  6113 | Ossuary  | Reached XP level 9. HP: 74/79 MP: 8/8
  6538 | D:7      | Found Ciecvir's General Store.
  6546 | D:7      | Bought a scroll of enchant armour for 90 gold pieces
  6629 | D:7      | Reached skill level 10 in Axes
  6985 | D:7      | Reached skill level 8 in Armour
  6985 | D:7      | Reached skill level 8 in Shields
  7213 | D:7      | Reached skill level 8 in Fighting
  7831 | D:8      | Reached skill level 11 in Axes
  7945 | D:8      | You pick up a book of Scorching and begin reading...
  7945 | D:8      | You add the spells Scorch, Flame Wave and Summon Cactus
                  | Giant to your library.
  8029 | D:8      | Reached XP level 10. HP: 74/90 MP: 9/9
  8368 | D:8      | Noticed a two-headed ogre
  8386 | D:8      | HP: 11/90 [two-headed ogre/+0 giant spiked club (18)]
  8387 | D:8      | Mangled by a two-headed ogre

Vanquished Creatures
  2 wyverns (D:8)
  5 yaks (D:8)
  2 steam dragons
  A water moccasin (D:7)
  A sky beast (D:7)
  An orc warrior (D:8)
  An ice beast (D:8)
  3 ogres
  2 centaurs
  5 bullfrogs
  2 elf zombies (Ossuary)
  3 necrophages
  6 scorpions
  7 wights
  2 elf skeletons (D:7)
  2 howler monkeys (D:4)
  5 centaur zombies (Ossuary)
  2 hounds
  A jelly (D:6)
  4 orc priests
  A gnoll bouda (D:8)
  8 human zombies
  2 human skeletons (D:7)
  An iguana (D:5)
  3 orc wizards
  Natasha (thrice) (D:4)
  3 mummies (Ossuary)
  6 adders
  2 white imps
  A dart slug (D:4)
  18 orcs
  6 ball pythons
  8 endoplasms
  4 giant cockroaches
  3 goblins
  3 hobgoblins
  6 jackals (D:2)
  11 quokkas
  5 bats
  3 frilled lizards
  3 orc skeletons (D:7)
  An orc zombie (D:7)
  12 rats
170 creatures vanquished.

Vanquished Creatures (others)
  4 fungi
  A plant (D:1)
5 creatures vanquished.

Grand Total: 175 creatures vanquished

Table legend:
 A = Non-vault XP
 B = Vault XP
 C = Vault XP percentage of total XP
 D = Non-vault monster count
 E = Vault monster count
 F = Vault count percentage of total count
                 A         B        C        D         E       F
            +---------+---------+-------+---------+---------+-------
      Total |    4589 |    1996 |  30.3 |     119 |      51 |  30.0
            +---------+---------+-------+---------+---------+-------
        D:1 |      13 |       5 |  27.8 |       7 |       5 |  41.7
        D:2 |      65 |       7 |   9.7 |      25 |       4 |  13.8
        D:3 |      16 |      96 |  85.7 |      11 |       4 |  26.7
        D:4 |     506 |      33 |   6.1 |      19 |       1 |   5.0
        D:5 |     660 |      95 |  12.6 |      15 |       4 |  21.1
        D:6 |     511 |       0 |   0.0 |       7 |       0 |   0.0
        D:7 |    1188 |     486 |  29.0 |      24 |      13 |  35.1
        D:8 |    1630 |     587 |  26.5 |      11 |       5 |  31.2
    Ossuary |       0 |     687 | 100.0 |       0 |      15 | 100.0
            +---------+---------+-------+---------+---------+-------

Illustrated notes

Table legend:
 A = Kills in this place as a percentage of kills in entire the game.
 B = Kills by you in this place as a percentage of kills by you in the entire game.
 C = Kills by friends in this place as a percentage of kills by friends in the entire game.
 D = Other kills in this place as a percentage of other kills in the entire game.
 E = Experience gained in this place as a percentage of experience gained in the entire game.
 F = Experience gained in this place divided by the number of levels of this place that you have seen.
                   A       B       C       D       E      F
               +-------+-------+-------+-------+-------+----------------------
         Total | 100.0 | 100.0 |   N/A |   N/A | 100.0 | 731.7
       Dungeon |  91.2 |  91.2 |   N/A |   N/A |  89.6 | 737.2
       Ossuary |   8.8 |   8.8 |   N/A |   N/A |  10.4 | 687.0
               +-------+-------+-------+-------+-------+----------------------

Table legend: (Time is in decaauts)
 A = Elapsed time spent in this place.
 B = Non-inter-level travel time spent in this place.
 C = Inter-level travel time spent in this place.
 D = Time resting spent in this place.
 E = Time spent auto-exploring this place.
 F = Levels seen in this place.
 G = Mean time per level.
                   A        B        C        D        E       F      G
               +--------+--------+--------+--------+--------+-----+--------+
         Total |   8460 |   8306 |    154 |    191 |   6942 |   9 |  940.0 |
       Dungeon |   8177 |   8023 |    154 |    191 |   6731 |   8 | 1022.1 |
       Ossuary |    283 |    283 |      0 |      0 |    211 |   1 |  283.0 |
               +--------+--------+--------+--------+--------+-----+--------+

Top non-repeatable levels by time:
     D:7: 1581 daAuts
     D:5: 1265 daAuts
     D:4: 1055 daAuts
     D:6: 1001 daAuts
     D:2: 893 daAuts
     D:1: 881 daAuts
     D:3: 867 daAuts
     D:8: 631 daAuts
 Ossuary: 283 daAuts
